 Dungeon Crawl Stone Soup version 0.21.0 (webtiles) character file.

35 MovingMist the Unweaver (level 3, 0/29 HPs)
             Began as a Demonspawn Abyssal Knight on Jan 7, 2018.
             Was a Follower of Lugonu.
             Slain by an adder (2 damage)
             ... on level 2 of the Dungeon.
             The game lasted 00:02:44 (1438 turns).

MovingMist the Unweaver (Demonspawn Abyssal Knight) Turns: 1438, Time: 00:02:44

Health: 0/29       AC:  4    Str: 13    XL:     3   Next: 16%
Magic:  5/5        EV: 11    Int: 13    God:    Lugonu [*.....]
Gold:   59         SH:  0    Dex: 12    Spells: 2/2 levels left

rFire    . . .     SeeInvis .   a - +1 hand axe
rCold    . . .     Gourm    .   (no shield)
rNeg     . . .     Faith    .   b - +0 leather armour
rPois    .         Spirit   .   (no helmet)
rElec    .         Reflect  .   (no cloak)
rCorr    .         Harm     .   (no gloves)
MR       .....                  h - +0 pair of boots
Stlth    +.........             (no amulet)
HPRegen  0.09/turn              (no ring)
MPRegen  0.09/turn              (no ring)

@: lethally poisoned (0 -> -5), heavily drained
A: hooves 1, powered by death 1
a: Depart the Abyss, Renounce Religion


You were on level 2 of the Dungeon.
You worshipped Lugonu.
Lugonu was aware of your devotion.
You were hungry.

You visited 1 branch of the dungeon, and saw 2 of its levels.
You visited the Abyss 1 time.

You collected 59 gold pieces.

Inventory:

Hand Weapons
 a - a +1 hand axe (weapon)
Armour
 b - a +0 leather armour (worn)
 h - a +0 pair of boots (worn)
Jewellery
 d - an uncursed amulet of harm
Scrolls
 e - a scroll of teleportation {unknown}
Potions
 f - 2 potions of heal wounds {unknown}
 g - 2 potions of cancellation {unknown}
 j - a potion of lignification {unknown}
Comestibles
 c - 5 rations
 i - a chunk of flesh


   Skills:
 + Level 3.2(2.1) Fighting
 + Level 2.1(1.1) Axes
 - Level 1.7(0.7) Armour
 + Level 1.4(0.3) Dodging
 * Level 3.5(2.3) Invocations


You had 2 spell levels left.
You didn't know any spells.

Dungeon Overview and Level Annotations

Branches:
Dungeon (2/15)

Altars:
Ashenzari
Wu Jian

Annotations:
D:2 Sigmund


Innate Abilities, Weirdness & Mutations

You have large cloven feet.
You regenerate a little health from kills.


Message History

You feel sick. The adder bites you but does no damage.
The adder barely misses you.
You miss the adder.
The adder is heavily wounded.
The adder closely misses you.
You miss the adder.
The adder is heavily wounded.
The adder bites you.
* * * LOW HITPOINT WARNING * * *
The adder barely misses you.
You barely miss the adder.
The adder is heavily wounded.
You feel sick. The adder bites you.
* * * LOW HITPOINT WARNING * * *
You are lethally poisoned!
The adder poisons you! The adder closely misses you.
You miss the adder.
The adder is heavily wounded.
The adder bites you.
You die...

#.. .# ##.. ##.##
...##...##
#.##.....##
#.#.......###
#######....._.....#
.......<#.......#
##########S....##
##@..## ##.##
#............
##.########## # #
####.# ######.....
#...##<####
##.#.@......
#.@####..##.


You could see an adder.

Vanquished Creatures
  A worm (D:2)
  2 dart slugs (D:1)
  3 giant cockroaches
  5 hobgoblins
  A quokka (D:2)
  3 bats (D:1)
  A frilled lizard (D:1)
  2 goblins (D:1)
  5 kobolds (D:1)
  4 rats (D:1)
27 creatures vanquished.

Notes
Turn   | Place    | Note
-------+----------+-------------------------------------------
     0 | Abyss:1  | MovingMist the Demonspawn Abyssal Knight began the quest for the Orb.
     0 | Abyss:1  | Reached XP level 1. HP: 18/18 MP: 2/2
    15 | D:1      | Escaped the Abyss
   122 | D:1      | Reached skill level 1 in Dodging
   141 | D:1      | Gained mutation: You regenerate a little health from kills. [demonic ancestry]
   141 | D:1      | Reached XP level 2. HP: 4/24 MP: 4/4
   674 | D:1      | Found a shattered altar of Ashenzari.
  1263 | D:2      | Gained mutation: You have large cloven feet. [demonic ancestry]
  1263 | D:2      | Reached XP level 3. HP: 26/29 MP: 5/5
  1275 | D:2      | Noticed Sigmund
  1414 | D:2      | Found an ornate altar of the Wu Jian Council.
  1438 | D:2      | Slain by an adder

Skill      XL: |  1  2 |
---------------+-------+-----
Dodging        | 1 |  1.4
Invocations    | 3 |  3.5
Axes           | 2 |  2.1
Fighting       | |  3.2
Armour         | |  1.7

Action                   || total
-------------------------++-------
Melee: Hand axe          ||    85
  Eat: Chunk             ||     1
Armor: Leather armour    ||    30
Dodge: Dodged            ||    65
